 Dungeon Crawl Stone Soup version 0.29-a0-330-g52719c12eb (webtiles) character file.

Game seed: 10869503139193075173

579 HoaS the Archer (level 7, 0/40 HPs)
             Began as a Gargoyle Hunter on May 17, 2022.
             Was an Initiate of Makhleb.
             Slain by a wyvern (11 damage)
             ... on level 5 of the Dungeon.
             The game lasted 00:08:52 (4503 turns).

HoaS the Archer (Gargoyle Hunter)                   Turns: 4503, Time: 00:08:52

Health: 0/40       AC: 11    Str: 14    XL:     7   Next: 36%
Magic:  7/7        EV:  9    Int: 10    God:    Makhleb [......]
Gold:   931        SH:  0    Dex: 15    Spells: 6/6 levels left

rFire   . . .      SeeInvis .   a - +1 shortbow
rCold   . . .      Faith    .   (shield currently unavailable)
rNeg    + . .      Spirit   .   e - +0 scale mail
rPois   ∞          Reflect  .   (no helmet)
rElec   +          Harm     .   (no cloak)
rCorr   .          Rampage  .   b - +0 pair of gloves
Will    .....                   (no boots)
Stlth   ..........              (no amulet)
HPRegen 0.13/turn               (no ring)
MPRegen 0.10/turn               (no ring)

@: mighty
A: sickness immunity, AC +4, negative energy resistance 1, electricity
resistance, torment resistance 1, petrification resistance
a: Renounce Religion


You were on level 5 of the Dungeon.
You worshipped Makhleb.
Makhleb was noncommittal.
You visited 1 branch of the dungeon, and saw 5 of its levels.
You also visited: Ossuary.

You collected 931 gold pieces.

Inventory:

Hand Weapons
 a - a +1 shortbow (weapon)
Armour
 b - a +0 pair of gloves (worn)
 e - a +0 scale mail (worn)
Scrolls
 c - a scroll of immolation
 j - a scroll of holy word
 l - a scroll of fog
 r - a scroll of fear
Potions
 d - 4 potions of curing
 f - 2 potions of attraction
 g - a potion of haste {unknown}
 h - a potion of might
 i - 2 potions of resistance
 k - 2 potions of flight
 m - 2 potions of mutation {unknown}
 o - 2 potions of ambrosia {unknown}


   Skills:
 - Level 2.1 Fighting
 * Level 8.7 Bows
 - Level 1.5 Dodging
 - Level 1.1 Stealth


You had 6 spell levels left.
You didn't know any spells.
Your spell library contained the following spells:

 Spells                   Type           Power      Damage    Failure   Level
 Conjure Flame            Conj/Fire      0%         6-21      99%         3
 Ignite Poison            Fire/Tmut/Pois 0%         N/A       99%         3
 Sticky Flame             Conj/Fire      0%         2d3       100%        4
 Malign Gateway           Summ/Tloc      0%         N/A       100%        7
 Summon Horrible Things   Summ           0%         N/A       100%        8


Dungeon Overview and Level Annotations

Branches:
Dungeon (5/15)            Ossuary (visited)
 Temple: D:4-7

Altars:
Elyvilon
Gozag
Makhleb

Annotations:
D:3 2 transporters, Athor's ghost, amateur OpBr


Innate Abilities, Weirdness & Mutations

You are immune to sickness and miasma.
Your stone body is resilient. (AC +4)
You are immune to poison.
You resist negative energy. (rN+)
You are resistant to electric shocks. (rElec)
You are resistant to unholy torment.
You are immune to petrification.


Message History

No target in view!
(D) Dungeon
Where to? (Enter - D:4, ? - help)
You see here 21 stones.
Things that are here:
a +0 ring mail; a +0 short sword
Things that are here:
a +0 robe; a +0 dagger
There is a stone staircase leading down here.
You climb downwards.
Found 3 poisoned darts and 2 scrolls of identify.
There is a stone staircase leading up here.
n - 2 scrolls of identify
As you read the scroll of identify, it crumbles to dust.
i - 2 potions of resistance
As you read the scroll of identify, it crumbles to dust.
k - 2 potions of flight You open the door.
There is an open door here.
Found a rapier.
Found a stone staircase leading down.
There is a stone staircase leading down here.
A wyvern comes into view.
The wyvern hisses angrily.
You shoot an arrow. The arrow hits the wyvern!
The wyvern is moderately wounded.
The wyvern bites you.
You shoot an arrow. The arrow hits the wyvern!
The wyvern is heavily wounded.
The wyvern bites you but does no damage. x2
You shoot an arrow. The arrow closely misses the wyvern.
The wyvern closely misses you. The wyvern bites you!
You shoot an arrow.
The arrow hits the wyvern but does no damage.
The wyvern is heavily wounded.
The wyvern bites you!
You are too injured to fight recklessly!
You feel very mighty all of a sudden.
The wyvern hisses menacingly.
The wyvern bites you!
You die...

### #.. #.# #.#
#.# ..
######.###....
#......l......
#.....@###
+........+
#......###
#......#
#......#
#.####.#
#######.####.###
...)........>..+
######.####..##


You could see a wyvern.

Vanquished Creatures
  2 black bears (D:4)
  A centaur zombie (Ossuary)
  A human zombie (Ossuary)
  2 orc priests
  Terence (D:2)
  3 orc wizards
  An iguana (D:4)
  4 mummies (Ossuary)
  An adder (D:2)
  A dart slug (D:1)
  4 orcs
  5 ball pythons
  11 endoplasms
  5 giant cockroaches
  3 goblins
  8 hobgoblins
  12 jackals
  5 quokkas (D:2)
  10 bats
  3 frilled lizards
  A gnoll zombie (Ossuary)
  2 goblin zombies (Ossuary)
  A hobgoblin zombie (Ossuary)
  4 kobolds
  2 kobold zombies (Ossuary)
  6 rats
99 creatures vanquished.

Notes
Turn   | Place    | Note
-------+----------+-------------------------------------------
     0 | D:1      | HoaS the Gargoyle Hunter began the quest for the Orb.
     0 | D:1      | Reached XP level 1. HP: 12/12 MP: 1/1
     2 | D:1      | Noticed a human
     2 | D:1      | Noticed a naga
     4 | D:1      | Noticed a spriggan
     4 | D:1      | Noticed a ghoul
     6 | D:1      | Noticed a demigod
     8 | D:1      | Noticed a vampire
    10 | D:1      | Noticed a gargoyle
    12 | D:1      | Noticed a dwarf
    12 | D:1      | Noticed a vine stalker
    14 | D:1      | Noticed a minotaur
    16 | D:1      | Noticed a draconian
    16 | D:1      | Noticed a demonspawn
    18 | D:1      | Noticed a felid
    20 | D:1      | Noticed an ogre
    20 | D:1      | Noticed a formicid
    22 | D:1      | Noticed an elf
    22 | D:1      | Noticed a tengu
    24 | D:1      | Noticed an octopode
    24 | D:1      | Noticed a merfolk
    26 | D:1      | Noticed a troll
   202 | D:1      | Reached XP level 2. HP: 17/17 MP: 2/2
   559 | D:1      | Reached XP level 3. HP: 20/21 MP: 3/3
   604 | D:1      | Found a faded altar of an unknown god.
   822 | D:1      | Reached skill level 5 in Bows
  1114 | D:2      | Noticed Terence
  1123 | D:2      | Killed Terence
  1124 | D:2      | Reached XP level 4. HP: 13/26 MP: 4/4
  1435 | D:2      | Reached skill level 6 in Bows
  1793 | D:3      | Found an opulent altar of Gozag.
  2002 | D:3      | Found a transporter.
  2002 | D:3      | Noticed an ogre
  2350 | D:2      | Reached XP level 5. HP: 26/30 MP: 5/5
  2827 | D:3      | Noticed Athor's ghost (amateur OpBr)
  2827 | D:3      | Noticed an ogre
  2832 | D:3      | Found a transporter.
  2834 | D:3      | Noticed an ogre
  3021 | D:4      | Reached skill level 7 in Bows
  3021 | D:4      | Reached XP level 6. HP: 34/35 MP: 6/6
  3072 | D:4      | Noticed a black bear
  3081 | D:4      | Killed a black bear
  3258 | D:4      | Noticed a black bear
  3266 | D:4      | Killed a black bear
  3269 | D:4      | Reached skill level 8 in Bows
  3312 | D:4      | Found a white marble altar of Elyvilon.
  3331 | D:4      | Found a sand-covered staircase.
  3336 | Ossuary  | Entered an ossuary
  3427 | Ossuary  | Reached XP level 7. HP: 28/40 MP: 7/7
  4350 | D:4      | Identified a scroll of acquirement
  4350 | D:4      | Acquired 699 gold pieces
  4389 | D:4      | Found a burning altar of Makhleb.
  4394 | D:4      | Became a worshipper of Makhleb the Destroyer
  4458 | D:5      | Entered Level 5 of the Dungeon
  4498 | D:5      | Noticed a wyvern
  4503 | D:5      | Slain by a wyvern

Illustrated notes

Levels and vault maps discovered:
D:1:      kb_arrival_jail, layout_loops_ring, shapermc_ecumenical_altar_petra
D:2:      layout_rooms, chequers_avenue, uniq_terence
D:3:      layout_basic, nicolae_gozag_cash_rules_everything_around_me,
          gammafunk_ghost_smash, nicolae_elevator_lobby_plus
D:4:      layout_basic, lightli_temple_of_fire, kennysheep_mini, enter_ossuary_2
D:5:      layout_basic, general_overflow_altar, serial_shops, shop_fountains,
          kennysheep_generic_room_10

Skill      XL: |  1  2  3  4  5  6 |
---------------+-------------------+-----
Bows           | 5 6 7 8 |  8.7
Fighting       | |  2.1
Dodging        | |  1.5
Stealth        | |  1.1

Action                   |  1- 3 |  4- 6 |  7- 9 || total
-------------------------+-------+-------+-------++-------
Melee: Shortbow          |       |       |     3 ||     3
 Fire: Shortbow          |   124 |   163 |    86 ||   373
  Use: Scroll            |     2 |     5 |     8 ||    15
       Potion            |       |       |     1 ||     1
Armor: Leather armour    |    19 |     4 |       ||    23
       Ring mail         |       |    53 |    31 ||    84
       Scale mail        |       |       |     2 ||     2
Dodge: Dodged            |    34 |    51 |    16 ||   101

Table legend: (Time is in decaauts)
 A = Elapsed time spent in this place.
 B = Non-inter-level travel time spent in this place.
 C = Inter-level travel time spent in this place.
 D = Time resting spent in this place.
 E = Time spent auto-exploring this place.
 F = Levels seen in this place.
 G = Mean time per level.
                   A        B        C        D        E       F      G
               +--------+--------+--------+--------+--------+-----+--------+
         Total |   4605 |   4437 |    168 |   1364 |   2256 |   6 |  767.5 |
       Dungeon |   4025 |   3857 |    168 |   1072 |   2145 |   5 |  805.0 |
       Ossuary |    579 |    579 |      0 |    292 |    111 |   1 |  579.0 |
               +--------+--------+--------+--------+--------+-----+--------+

Top non-repeatable levels by time:
     D:3: 1215 daAuts
     D:2: 965 daAuts
     D:1: 943 daAuts
     D:4: 854 daAuts
 Ossuary: 579 daAuts
     D:5: 46 daAuts
